 Dungeon Crawl Stone Soup version 0.28.0-53-g5a82cb258f (webtiles) character file.

Game seed: 3791498380913234281

270 pkoi the Gusty (level 5, 0/38 HPs)
             Began as a Demigod Air Elementalist on May 31, 2022.
             Killed from afar by an orc wizard (7 damage)
             ... with a magic dart
             ... on level 4 of the Dungeon.
             The game lasted 00:07:15 (7486 turns).

pkoi the Gusty (Demigod Air Elementalist)           Turns: 7486, Time: 00:07:16

Health: 0/38       AC:  4    Str:  9    XL:     5   Next: 70%
Magic:  2/10       EV: 12    Int: 21    God:
Gold:   219        SH:  0    Dex: 14    Spells: 1/7 levels left

rFire   . . .      SeeInvis .   k - +1 dagger (holy)
rCold   . . .      Faith    .   (no shield)
rNeg    . . .      Spirit   .   a - +1 robe
rPois   .          Reflect  .   (no helmet)
rElec   .          Harm     .   y - +0 cloak
rCorr   .          Rampage  .   (no gloves)
Will    .....                   (no boots)
Stlth   ++........              (no amulet)
HPRegen 0.12/turn               (no ring)
MPRegen 0.12/turn               (no ring)

@: no status effects
A: high MP 1, forlorn, divine attributes
a: no special abilities


You were on level 4 of the Dungeon.
You visited 1 branch of the dungeon, and saw 6 of its levels.

You collected 219 gold pieces.

Inventory:

Hand Weapons
 c - a +0 short sword
 d - a +0 hand axe
 e - a +1 short sword of draining
 h - a +0 long sword
 k - a +1 dagger of holy wrath (weapon)
 x - a +0 vorpal broad axe
Missiles
 t - 6 curare-tipped darts
Armour
 a - a +1 robe (worn)
 y - a +0 cloak (worn)
Magical Staves
 m - a staff of death
Jewellery
 j - a ring of willpower
Scrolls
 g - 3 scrolls of teleportation
 l - a scroll of blinking {unknown}
 r - 3 scrolls of fog
 u - a scroll of magic mapping {unknown}
 v - a scroll of vulnerability {unknown}
Potions
 b - 2 potions of invisibility {unknown}
 f - a potion of brilliance {unknown}
 i - 3 potions of haste {unknown}
 n - a potion of magic
 o - a potion of lignification
 p - a potion of ambrosia
 q - a potion of attraction
 s - a potion of curing
 w - a potion of might {unknown}
 z - a potion of heal wounds {unknown}


   Skills:
 - Level 1.7 Dodging
 - Level 1.7 Stealth
 - Level 1.7 Spellcasting
 - Level 0.8 Conjurations
 + Level 6.2 Air Magic


You had one spell level left.
You knew the following spells:

 Your Spells              Type           Power      Damage    Failure   Level
a - Shock                 Conj/Air       64%        1d7       3%          1
b - Static Discharge      Conj/Air       16%        N/A       5%          2
c - Swiftness             Air            27%        N/A       3%          3

Your spell library contained the following spells:

 Spells                   Type           Power      Damage    Failure   Level
 Airstrike                Air            13%        N/A       12%         4


Dungeon Overview and Level Annotations

Branches:
Dungeon (6/15)             Temple (0/1) D:4


Innate Abilities, Weirdness & Mutations

You have an increased reservoir of magic. (+10% MP)
You shall have no god before yourself.
Your divine heritage dramatically boosts your attributes as you level up.


Message History

The lightning grounds out.
The orc wizard closely misses you.
The orc wizard hits you but does no damage.
The orc misses you.
The orc wizard hits you with a +1 dagger of speed.
* * * LOW HITPOINT WARNING * * *
Unknown command.
Unknown command.
Casting: Static Discharge (safe; 5% risk of failure)
Confirm with . or Enter, or press ? or * to list all spells.
The orc wizard is struck by an arc of lightning.
The orc wizard is severely wounded.
You are struck by an arc of lightning.
* * * LOW HITPOINT WARNING * * *
The lightning grounds out.
The orc wizard hits you but does no damage.
The orc wizard hits you with a +1 dagger of speed.
* * * LOW HITPOINT WARNING * * *
The orc barely misses you.
The orc wizard hits you but does no damage.
Unknown command.
Unknown command.
Casting: Static Discharge (safe; 5% risk of failure)
Confirm with . or Enter, or press ? or * to list all spells.
You don't know that spell.
Unknown command.
Unknown command.
The orc wizard gestures at you while chanting.
You resist with some effort. The orc hits you with a +0 whip.
* * * LOW HITPOINT WARNING * * *
The orc wizard hits you with a +1 dagger of speed.
* * * LOW HITPOINT WARNING * * *
You climb upwards.
There is a stone staircase leading down here.
Unknown command.
Unknown command.
You hit the orc.
You kill the orc!
The orc wizard points at you and mumbles some strange words.
The magic dart hits you!
You die...

#.......######.......
#.......'............
#.......######.......
#.......# ###...⌠...#
#.......# #.........#
#.......# #...⌠.>.⌠.#
#.......# #.#........
####o######.#...⌠....
#@.o.....)........
############'#.######...
#..............# ##...
#..............# #....
#..............# #...#
#..............### #...#
#................# #...#
#.............##.###...#
############'###.##.(...


You could see 2 orc wizards.

Vanquished Creatures
  A jelly (D:6)
  A hound (D:6)
  An iguana (D:4)
  4 gnolls (D:3)
  6 adders
  5 worms
  A dart slug (D:3)
  5 orcs
  7 bats
  8 endoplasms
  2 giant cockroaches
  7 goblins
  4 hobgoblins
  2 jackals (D:1)
  4 quokkas
  10 ball pythons
  4 kobolds
  7 rats (D:1)
79 creatures vanquished.

Notes
Turn   | Place    | Note
-------+----------+-------------------------------------------
     0 | D:1      | pkoi the Demigod Air Elementalist began the quest for the
                  | Orb.
     0 | D:1      | Reached XP level 1. HP: 14/14 MP: 5/5
   167 | D:1      | Reached skill level 3 in Air Magic
   413 | D:1      | Reached XP level 2. HP: 17/20 MP: 1/7
  1201 | D:2      | Reached XP level 3. HP: 26/26 MP: 3/8
  1312 | D:2      | Reached skill level 4 in Air Magic
  1756 | D:2      | Learned a level 2 spell: Static Discharge
  2783 | D:3      | Reached XP level 4. HP: 33/33 MP: 4/9
  3363 | D:3      | Reached skill level 5 in Air Magic
  5052 | D:4      | Found a staircase to the Ecumenical Temple.
  5262 | D:4      | Reached XP level 5. HP: 38/38 MP: 4/10
  6088 | D:5      | Entered Level 5 of the Dungeon
  6094 | D:5      | You fall into a shaft and drop 1 floor!
  6115 | D:6      | Reached skill level 6 in Air Magic
  6216 | D:6      | Learned a level 3 spell: Swiftness
  7486 | D:4      | Killed from afar by an orc wizard

Illustrated notes

Levels and vault maps discovered:
D:1:      tarquinn_simple_flora_water_e, layout_loops_ring
D:2:      layout_basic, ebering_ecumenical_altar_abandoned, dk_vineyard_1
D:3:      layout_basic
D:4:      layout_basic, temple_fountains
D:5:      layout_cave_pods
D:6:      layout_basic, serial_shops, kennysheep_little_box

Skill      XL: |  1  2  3  4  5 |
---------------+----------------+-----
Air Magic      | 3 4 5 6 |  6.2
Dodging        | |  1.7
Stealth        | |  1.7
Spellcasting   | |  1.7
Conjurations   | |  0.8

Action                   |  1- 3 |  4- 6 || total
-------------------------+-------+-------++-------
Melee: Short sword       |    17 |       ||    17
       Dagger            |     8 |     3 ||    11
 Cast: Shock             |   104 |   105 ||   209
       Static Discharge  |     1 |     4 ||     5
  Use: Scroll            |     5 |     3 ||     8
Armor: Robe              |    15 |    14 ||    29
Dodge: Dodged            |    22 |    28 ||    50
